 Dungeon Crawl Stone Soup version 0.28.0-43-g3370ac3207 (webtiles) character file.

Game seed: 10312510741304680206

2146 rel the Skirmisher (level 9, -5/72 HPs)
             Began as a Human Berserker on Mar 2, 2022.
             Was a Priest of Trog.
             Slain by a yak (8 damage)
             ... on level 9 of the Dungeon on Mar 3, 2022.
             The game lasted 00:22:31 (7093 turns).

rel the Skirmisher (Human Berserker)                Turns: 7093, Time: 00:22:33

Health: -5/72      AC: 14    Str: 17    XL:     9   Next: 56%
Magic:  18/18      EV:  6    Int:  9    God:    Trog [***...]
Gold:   290        SH:  0    Dex: 16    Spells: 8/8 levels left

rFire   + . .      SeeInvis +   i - +6 mace of Xioq {freeze, rF+ SInv}
rCold   . . .      Faith    .   (no shield)
rNeg    . . .      Spirit   .   e - +0 plate armour
rPois   .          Reflect  .   q - +0 helmet
rElec   .          Harm     .   (no cloak)
rCorr   .          Rampage  .   (no gloves)
Will    .....                   (no boots)
Stlth   ..........              (no amulet)
HPRegen 0.22/turn               n - ring of magical power
MPRegen 0.16/turn               p - ring of flight

@: on berserk cooldown, flying, slowed, very slow
A: no striking features
a: Renounce Religion, Berserk, Trog's Hand


You were on level 9 of the Dungeon.
You worshipped Trog.
Trog was most pleased with you.
You visited 1 branch of the dungeon, and saw 8 of its levels.

You collected 290 gold pieces.

Inventory:

Hand Weapons
 i - the +6 mace of Xioq (weapon) {freeze, rF+ SInv}
   (You found it on level 2 of the Dungeon)

   It freezes those it strikes, dealing additional cold damage.
   It can also slow down cold-blooded creatures.
   rF:        It protects you from fire.
   SInv:      It lets you see invisible.
Armour
 e - a +0 plate armour (worn)
 g - +0 acid dragon scales
 q - a +0 helmet (worn)
Jewellery
 n - a ring of magical power (left hand)
 p - a ring of flight (right hand)
Wands
 k - a wand of iceblast (5)
 m - a wand of mindburst (18)
Scrolls
 b - 2 scrolls of fear
 c - a scroll of amnesia {unknown}
 d - a scroll of noise {unknown}
 f - 3 scrolls of teleportation
 h - a scroll of enchant weapon
 j - 2 scrolls of identify
 l - a scroll of blinking {unknown}


   Skills:
 * Level 7.4 Fighting
 - Level 3.5(5.2) Axes
 - Level 5.9(6.3) Maces & Flails
 + Level 6.7 Armour
 + Level 2.9 Dodging
 + Level 3.3 Stealth


You had 8 spell levels left.
You didn't know any spells.
Your spell library was empty.

Dungeon Overview and Level Annotations

Branches:
Dungeon (9/15)             Temple (0/1) D:4             Orc (0/2) D:9
   Lair: D:8-11

Altars:


Message History

Trog accepts your kill.
Your Fighting skill increases to level 7!
You sock the kobold brigand! You freeze the kobold brigand.
The kobold brigand is moderately wounded.
The kobold brigand barely misses you.
You sock the kobold brigand! You freeze the kobold brigand!
You kill the kobold brigand!
Trog accepts your kill.
The centaur shoots an arrow.
The arrow hits you! The yak gores you!
* * * LOW HITPOINT WARNING * * *
The centaur unwields a +0 shortbow.
The centaur barely misses you.
The centaur kicks you but does no damage.
Items here: ( ) ††.
You feel a strong urge to attack something.
You hit the yak. You freeze the yak.
The yak is moderately wounded.
You bludgeon the yak!! You freeze the yak.
The yak is almost dead.
The yak gores you but does no damage.
You bludgeon the yak!! You freeze the yak.
You kill the yak!
Trog accepts your kill.
The centaur wields a +0 shortbow.
The centaur shoots an arrow.
The arrow hits you.
* * * LOW HITPOINT WARNING * * *
You sock the kobold! You freeze the kobold.
You kill the kobold!
Trog accepts your kill.
You are no longer berserk.
You are exhausted.
You feel yourself slow down.
The centaur shoots an arrow.
The arrow hits you.
* * * LOW HITPOINT WARNING * * *
It was a potion of mutation.
You feel extremely strange.
You lose the ability to read scrolls when threatened.
You can once more read scrolls while threatened.
The centaur shoots an arrow.
The arrow hits you!
* * * LOW HITPOINT WARNING * * *
The yak gores you!
You die...

### #..
..# #.#
.K.# #.#
K..#
###.#
.K.#
#.<.##
.KK#
#.###.##
...# #.
##@##KK.#
#.
##Y#...#
..


#cYYK.# ## #KYK#.# #.#K... #..Y.#.#.# ..........# #.#.>#.#.#.# ......#...... You
could see 4 yaks, a centaur and 3 kobolds.

Vanquished Creatures
  2 yaks (D:9)
  2 acid dragons
  A sky beast (D:5)
  An ice beast (D:5)
  2 ogres (D:4)
  2 centaurs
  A kobold brigand (D:9)
  A bullfrog (D:8)
  A water moccasin zombie (D:4)
  3 scorpions
  A water moccasin skeleton (D:5)
  A howler monkey (D:5)
  A jelly (D:5)
  3 hounds
  2 bullfrog skeletons (D:5)
  4 orc priests
  Jessica (D:3)
  An iguana (D:3)
  6 orc wizards
  A scorpion zombie (D:5)
  A hound zombie (D:5)
  A hound skeleton (D:4)
  A howler monkey zombie (D:5)
  A howler monkey skeleton (D:5)
  An adder (D:4)
  3 gnolls (D:4)
  A shadow imp (D:5)
  3 dart slugs
  19 orcs
  5 ball pythons
  6 endoplasms
  5 giant cockroaches
  6 hobgoblins
  4 jackals (D:3)
  2 quokkas (D:2)
  7 bats
  3 frilled lizards (D:3)
  6 goblins
  6 kobolds
  A rat (D:4)
119 creatures vanquished.

Vanquished Creatures (others)
  An adder skeleton (D:4)
1 creature vanquished.

Grand Total: 120 creatures vanquished

Notes
Turn   | Place    | Note
-------+----------+-------------------------------------------
     0 | D:1      | rel the Human Berserker began the quest for the Orb.
     0 | D:1      | Reached XP level 1. HP: 18/18 MP: 1/1
   199 | D:1      | Reached XP level 2. HP: 20/24 MP: 2/2
  1036 | D:2      | Reached XP level 3. HP: 24/29 MP: 3/3
  1363 | D:2      | Reached ** piety under Trog
  1455 | D:2      | Found a faded altar of an unknown god.
  1614 | D:2      | Identified the +6 mace of Xioq {freeze, rF+ SInv}
  2277 | D:3      | Reached skill level 1 in Maces & Flails
  2277 | D:3      | Reached XP level 4. HP: 32/37 MP: 4/4
  2465 | D:3      | Noticed Jessica
  2468 | D:3      | Killed Jessica
  2469 | D:3      | Reached skill level 4 in Fighting
  2764 | D:3      | Reached XP level 5. HP: 42/42 MP: 5/5
  3145 | D:4      | Noticed a centaur
  3159 | D:4      | Killed a centaur
  3160 | D:4      | Reached XP level 6. HP: 19/48 MP: 6/6
  3428 | D:4      | Noticed an ogre
  3435 | D:4      | Killed an ogre
  3552 | D:4      | Reached XP level 7. HP: 34/55 MP: 7/7
  3792 | D:4      | Reached skill level 5 in Maces & Flails
  4250 | D:4      | Noticed an acid dragon
  4259 | D:4      | Killed an acid dragon
  4260 | D:4      | Reached XP level 8. HP: 25/61 MP: 8/8
  4549 | D:4      | Found a staircase to the Ecumenical Temple.
  5025 | D:4      | Reached skill level 5 in Fighting
  5025 | D:4      | Reached skill level 1 in Stealth
  5084 | D:5      | Entered Level 5 of the Dungeon
  5363 | D:5      | Reached skill level 5 in Armour
  5475 | D:5      | Reached skill level 6 in Fighting
  5718 | D:5      | Reached XP level 9. HP: 69/69 MP: 9/9
  5744 | D:6      | You fall into a shaft and drop 2 floors!
  5923 | D:8      | Reached *** piety under Trog
  7073 | D:9      | Found a staircase to the Orcish Mines.
  7085 | D:9      | Reached skill level 7 in Fighting
  7093 | D:9      | Gained mutation: You sometimes lose the ability to read
                  | scrolls when taking damage. [potion of mutation]
  7093 | D:9      | Lost mutation: You sometimes lose the ability to read
                  | scrolls when taking damage. [potion of mutation]
  7093 | D:9      | HP: 3/72 [centaur/arrow (8)]
  7093 | D:9      | Slain by a yak

Illustrated notes

Levels and vault maps discovered:
D:1:      dpeg_arrival_central, layout_basic
D:2:      layout_loops_cross, serial_aquarium, aquarium_bridge_square
          [aquarium_subvault_wall, aquarium_subvault_bridge,
          aquarium_subvault_balcony, aquarium_subvault_bridge],
          aquarium_window_corridor_3, aquarium_window_1, aquarium_window_1,
          aquarium_view_2c, aquarium_view_2g, aquarium_pool_2,
          ebering_ecumenical_altar_box, kennysheep_minor_cross
D:3:      layout_loops_corners, uniq_jessica
D:4:      layout_cave_pods, minmay_temple_entry_trees,
          nicolae_ossuary_entry_ruins, portal_sewer_entry_a, kennysheep_path_1
D:5:      layout_basic
D:6:      layout_loops_cross
D:8:      layout_loops_corners
D:9:      dragon1_lemuel, layout_loops_ring, xom_redecorated, lair_entry_dummy,
          orc_0_dummy, serial_co_window_serial, co_window_corner_a,
          co_window_corner_a, co_window_corner_a, co_window_paths_b,
          co_window_of_opportunity_a, co_window_2corner, co_window_2corner,
          co_window_of_opportunity_b, co_window_2corner,
          co_window_unsneaky_path_a, co_window_4corner_a, glass_columns_a,
          glass_columns_a

Skill      XL: |  1  2  3  4  5  6  7  8  9 |
---------------+----------------------------+-----
Maces & Flails | 1 2 3 5 |  5.9
Fighting       | 4 6 7 |  7.4
Armour         | 3 4 5 6 |  6.7
Stealth        | 2 3 |  3.3
Axes           | |  3.5
Dodging        | |  2.9

Action                   |  1- 3 |  4- 6 |  7- 9 || total
-------------------------+-------+-------+-------++-------
Melee: Hand axe          |   116 |       |       ||   116
       Mace              |    16 |    53 |   179 ||   248
       Punch             |     1 |       |     4 ||     5
Invok: Trog's Hand       |       |     1 |       ||     1
       Berserk           |       |     1 |     5 ||     6
  Use: Scroll            |       |       |    11 ||    11
       Potion            |       |       |     5 ||     5
 Stab: Sleeping          |     1 |       |       ||     1
       Invisible         |       |       |     4 ||     4
Armor: Leather armour    |    33 |       |       ||    33
       Animal skin       |     1 |       |       ||     1
       Plate armour      |     3 |    70 |   122 ||   195
       Chain mail        |     3 |       |       ||     3
       Skin              |       |       |     6 ||     6
Dodge: Dodged            |    94 |    21 |    52 ||   167
